AoeStats
← 739697286

Black Forest

508385509Analyzed
4v4 RM · 11d ago on Sep 22, 2026· 37m 32s· 8 players
Game mode
Random Map
Map size
Large (8 player)
Population
200
Speed
Normal
Resources
Standard
Victory
Conquest
Starting age
Dark Age
Ending age
Imperial Age
RankedLock teamsTeams togetherTeam positionsShared explorationLock speedFull tech treeHidden civsTurbo modeCheats
Victory
Defeat
1575
+13
🇹🇼 Portuguese · Taiwan
1543
+14
🇭🇰 Saracens · Hong Kong SAR China
1530
+15
🇨🇳 Mongols · China
1511
+16
🇫🇮 Koreans · Finland
1674
-21
🇫🇷 Lithuanians · France
1516
-15
🇲🇽 Bengalis · Mexico
1436
-12
🇭🇰 Malay · Hong Kong SAR China
1391
-10
大冲车 滴滴 创死你
5:47 Loom
11:05 Feudal Age
12:02 Double-Bit Axe
14:50 Castle Age
13:08 Horse Collar
15:49 Bow Saw
16:02 Heavy Plow
17:17 Wheelbarrow
20:35 Gold Mining
21:11 Stone Mining
22:13 Gold Shaft Mining
26:39 Hand Cart
26:09 Town Watch
28:56 Imperial Age
26:38 Fletching
26:48 Padded Archer Armor
28:00 Bodkin Arrow
28:21 Leather Archer Armor
29:50 Ballistics
29:21 Treadmill Crane
29:52 Masonry
30:25 Conscription
29:25 Elite Longbowman
30:31 Yeomen
30:16 Bracer
31:39 Chemistry
31:49 Two-Man Saw
30:47 Elite Longbowman
34:28 Architecture
33:51 Arrowslits
dennis2_02
5:14 Loom
11:51 Feudal Age
16:16 Castle Age
14:06 Double-Bit Axe
14:32 Horse Collar
18:14 Bow Saw
20:13 Gold Mining
24:02 Wheelbarrow
24:12 Heavy Plow
28:38 Imperial Age
27:09 Gold Shaft Mining
27:03 Scale Barding Armor
27:09 Forging
27:59 Bloodlines
27:50 Husbandry
28:22 Chain Barding Armor
29:36 Hand Cart
28:53 Heavy Camel Rider
31:08 Chemistry
34:24 Plate Barding Armor
34:24 Iron Casting
34:13 Conscription
37:11 Blast Furnace
37:55 Coinage
37:26 Caravan
sci621
8:59 Loom
11:17 Feudal Age
15:08 Castle Age
13:11 Double-Bit Axe
13:58 Horse Collar
15:36 Town Watch
16:16 Bow Saw
18:28 Gold Mining
28:19 Sanctity
34:11 Fervor
36:19 Scale Mail Armor
36:30 Forging
739697286
0:46 Loom
9:02 Feudal Age
17:16 Horse Collar
21:10 Fletching
22:10 Gold Mining
23:39 Wheelbarrow
23:50 Gold Mining
26:33 Castle Age
25:17 Stone Mining
31:00 Imperial Age
29:28 Forging
30:20 Gold Shaft Mining
34:52 Conscription
35:09 Double-Bit Axe
36:22 Bow Saw
36:19 Heavy Plow
37:15 Padded Archer Armor
AZG021113
0:25 Loom
12:59 Feudal Age
17:16 Castle Age
16:38 Scale Barding Armor
16:48 Bloodlines
23:15 Redemption
36:58 Padded Archer Armor
37:46 Forging
Kaarlos
1:06 Loom
9:29 Feudal Age
10:24 Double-Bit Axe
10:39 Fletching
16:41 Double-Bit Axe
16:55 Horse Collar
23:47 Castle Age
22:17 Stone Mining
22:19 Gold Mining
24:36 Bodkin Arrow
26:08 Bow Saw
31:52 Ballistics
31:14 Treadmill Crane
34:26 Masonry
36:27 Wheelbarrow
36:30 Gold Shaft Mining
36:30 Stone Shaft Mining
37:20 Heavy Plow
Panchi
11:26 Feudal Age
14:47 Castle Age
13:14 Double-Bit Axe
13:34 Horse Collar
19:05 Wheelbarrow
19:24 Bow Saw
22:03 Gold Mining
22:59 Hand Cart
23:52 Loom
26:58 Heavy Plow
27:47 Gold Shaft Mining
29:47 Imperial Age
27:28 Scale Barding Armor
27:34 Forging
28:03 Town Watch
28:41 Husbandry
28:54 Elite Battle Elephant
30:50 Iron Casting
30:59 Crop Rotation
30:21 Stone Mining
30:37 Capped Ram
31:29 Town Patrol
32:29 Light Cavalry
35:00 Blast Furnace
34:53 Conscription
36:07 Fletching
36:17 Padded Archer Armor
36:25 Elite Skirmisher
37:11 Thumb Ring
37:08 Bodkin Arrow
retaux
10:11 Feudal Age
13:48 Castle Age
12:14 Double-Bit Axe
15:57 Bow Saw
15:27 Horse Collar
17:30 Heavy Plow
22:00 Wheelbarrow
22:14 Gold Mining
22:17 Stone Mining
23:50 Hand Cart
24:19 Stone Shaft Mining
26:08 Scale Barding Armor
29:02 Imperial Age
26:59 Forging
27:10 Chain Barding Armor
26:49 Town Watch
27:34 Loom
28:47 Iron Casting
29:54 Bloodlines
29:45 Husbandry
30:45 Hoardings
32:25 Two-Man Saw
31:56 Crop Rotation
32:09 Plate Barding Armor
36:24 Tower Shields
35:57 Pikeman
36:38 Squires
36:39 Scale Mail Armor
37:08 Conscription
36:09 Elite Leitis
37:03 Halberdier
Connection lost

Rejoining the realm…

Still unreachable

The connection could not be restored.

Session expired

The server has moved on; the page needs a fresh start.